[Event "Rated Blitz game"]
[Site "?"]
[Date "2021.03.03"]
[Round "?"]
[White "lavilaine"]
[Black "JohnChapman"]
[Result "0-1"]
[ECO "C46"]
[WhiteElo "2349"]
[BlackElo "2466"]
[PlyCount "46"]
[EventDate "2021.??.??"]
[EventType "blitz"]
[TimeControl "180"]

1. e4 e5 2. Nf3 Nc6 3. Nc3 Nf6 4. Nxe5 Nxe5 5. d4 d6 6. dxe5 dxe5 7. Qxd8+ Kxd8
8. Bg5 c6 9. O-O-O+ Kc7 10. Bxf6 gxf6 11. f3 h5 12. Bc4 Be6 13. Bxe6 fxe6 14.
g4 Bc5 15. Rd3 Rag8 16. Rhd1 hxg4 17. Rd7+ Kb8 18. Rf7 gxf3 19. Rdd7 Be3+ 20.
Kb1 Rg1+ 21. Nd1 f2 22. Rxb7+ Ka8 23. Rxa7+ Bxa7 {Normal} 0-1

[Event "Rated Blitz game"]
[Site "?"]
[Date "2021.03.03"]
[Round "?"]
[White "Vihajaisestatulesta"]
[Black "jdac23"]
[Result "1-0"]
[ECO "C46"]
[WhiteElo "2360"]
[BlackElo "2403"]
[PlyCount "117"]
[EventDate "2021.??.??"]
[EventType "blitz"]
[TimeControl "180"]

1. e4 e5 2. Nf3 Nc6 3. Nc3 Nf6 4. Nxe5 Nxe5 5. d4 Ng6 6. e5 Ng8 7. Bc4 Bb4 8.
O-O N8e7 9. Ne4 d5 10. exd6 Bxd6 11. Ng5 Be6 12. Bxe6 fxe6 13. Nxe6 Qd7 14.
Nxg7+ Kf7 15. Nh5 Rhf8 16. Bh6 Qf5 17. Bxf8 Rxf8 18. Ng3 Qd5 19. c4 Qxc4 20.
Rc1 Qd5 21. Re1 Nf4 22. f3 Neg6 23. Re4 Kg8 24. Qb3 Qxb3 25. axb3 Nd5 26. Rce1
Bxg3 27. hxg3 Rf6 28. Re6 Rxe6 29. Rxe6 Kf7 30. Re2 Nge7 31. g4 Nc6 32. Rd2
Ncb4 33. g3 Ne3 34. Kf2 Ned5 35. f4 c6 36. Kf3 Kf6 37. Rh2 Kg7 38. g5 Nd3 39.
f5 Ne1+ 40. Ke2 Nc2 41. Kd3 Ncb4+ 42. Ke4 b6 43. Rh6 a5 44. f6+ Kg8 45. Kf5 Nc2
46. g6 hxg6+ 47. Rxg6+ Kf8 48. Rh6 Nxd4+ 49. Kg6 Ke8 50. Rh8+ Kd7 51. f7 Ne6
52. f8=Q Ne7+ 53. Qxe7+ Kxe7 54. Rb8 b5 55. g4 Nf4+ 56. Kf5 Nd5 57. g5 a4 58.
bxa4 bxa4 59. Ra8 {Normal} 1-0

[Event "Rated Rapid tournament cQkWUxZy"]
[Site "?"]
[Date "2021.03.03"]
[Round "?"]
[White "benjaminkreutzfeld"]
[Black "DJOKO_NPC_JEPARA"]
[Result "1-0"]
[ECO "C46"]
[WhiteElo "2458"]
[BlackElo "2213"]
[PlyCount "52"]
[EventDate "2021.??.??"]
[EventType "rapid"]
[TimeControl "600"]

1. e4 e5 2. Nf3 Nc6 3. Nc3 Nf6 4. Nxe5 Nxe5 5. d4 Ng6 6. e5 Bb4 7. exf6 Bxc3+
8. bxc3 Qxf6 9. Bd3 O-O 10. O-O d6 11. Rb1 Rb8 12. Bd2 Be6 13. Re1 b6 14. Qc1
h6 15. Re3 c5 16. Rf3 Qh4 17. Rg3 Qf6 18. Qa3 a5 19. c4 Rfe8 20. d5 Bd7 21. Bc3
Ne5 22. Re1 Qh4 23. Qc1 Nxc4 24. Rxg7+ Kf8 25. Rxe8+ Rxe8 26. g3 Re1+ {Normal}
1-0

[Event "Rated Blitz game"]
[Site "?"]
[Date "2021.03.03"]
[Round "?"]
[White "xenta_absenta"]
[Black "Lelatoreli"]
[Result "1-0"]
[ECO "C46"]
[WhiteElo "2388"]
[BlackElo "2518"]
[PlyCount "107"]
[EventDate "2021.??.??"]
[EventType "blitz"]
[TimeControl "180"]

1. e4 e5 2. Nf3 Nc6 3. Nc3 Nf6 4. Nxe5 Nxe5 5. d4 Ng6 6. e5 Ng8 7. Bc4 d5 8.
Bxd5 c6 9. Bb3 Be6 10. Bxe6 fxe6 11. Qg4 Qd7 12. Bd2 O-O-O 13. O-O-O N8e7 14.
Bg5 h6 15. Be3 h5 16. Qe2 Nf5 17. Ne4 Kb8 18. Kb1 Be7 19. c3 Nxe3 20. fxe3 Qd5
21. Nd2 Rdf8 22. Nf3 Qe4+ 23. Ka1 h4 24. h3 Rc8 25. Nd2 Qd5 26. e4 Qd8 27. Rhf1
Bg5 28. Qg4 Bxd2 29. Rxd2 Qe8 30. Rdf2 c5 31. Rf7 Nf8 32. Qxg7 Qb5 33. Rxf8
Rhxf8 34. Rxf8 cxd4 35. Rxc8+ Kxc8 36. Qf8+ Kc7 37. Qd6+ Kc8 38. Qxe6+ Kc7 39.
Qd6+ Kc8 40. Qf8+ Kc7 41. cxd4 Qe2 42. Qc5+ Kd7 43. Qd5+ Ke7 44. a3 Qxg2 45.
Qd6+ Ke8 46. Qe6+ Kd8 47. Qd5+ Kc7 48. e6 Qxh3 49. Qd7+ Kb6 50. Qd6+ Kb5 51.
Qc5+ Ka6 52. e7 Qd7 53. e5 h3 54. Qc4+ {Time forfeit} 1-0

[Event "Rated Rapid tournament gYFHkrXu"]
[Site "?"]
[Date "2021.03.02"]
[Round "?"]
[White "benjaminkreutzfeld"]
[Black "akashsp"]
[Result "1-0"]
[ECO "C46"]
[WhiteElo "2433"]
[BlackElo "2311"]
[PlyCount "93"]
[EventDate "2021.??.??"]
[EventType "rapid"]
[TimeControl "600"]

1. e4 Nf6 2. Nc3 e5 3. Nf3 Nc6 4. Nxe5 Nxe5 5. d4 Ng6 6. e5 Ng8 7. Bc4 d6 8.
Qf3 Qd7 9. O-O c6 10. Re1 d5 11. Bd3 Qg4 12. Qe3 N8e7 13. f3 Qh4 14. g3 Qh3 15.
Bd2 Nf5 16. Qf2 Nfe7 17. Na4 b6 18. Rad1 h5 19. b3 Qe6 20. h4 Bb7 21. Kg2 Nf5
22. c4 Nge7 23. Bg5 g6 24. c5 b5 25. Nc3 a5 26. a4 b4 27. Ne2 Ba6 28. Nf4 Qc8
29. e6 Bxd3 30. Rxd3 Ra7 31. exf7+ Kxf7 32. Ne6 Bh6 33. Bxh6 Nxh6 34. Qe3 Nef5
35. Qf4 Re7 36. Ng5+ Kg7 37. Rxe7+ Nxe7 38. Qe5+ Kf8 39. Qxh8+ Nhg8 40. Nh7+
Kf7 41. Re3 Nf5 42. Ng5+ Kf8 43. Ne6+ Kf7 44. Qh7+ Kf6 45. Qh8+ Kf7 46. Re2 Qd7
47. Qh7+ {Normal} 1-0

[Event "Rated Rapid tournament OJ7gHzK5"]
[Site "?"]
[Date "2021.03.02"]
[Round "?"]
[White "benjaminkreutzfeld"]
[Black "seruka"]
[Result "1/2-1/2"]
[ECO "C46"]
[WhiteElo "2435"]
[BlackElo "2384"]
[PlyCount "66"]
[EventDate "2021.??.??"]
[EventType "rapid"]
[TimeControl "600"]

1. e4 e5 2. Nf3 Nc6 3. Nc3 Nf6 4. Nxe5 Nxe5 5. d4 Ng6 6. e5 Ng8 7. Bc4 d6 8.
Qf3 f6 9. e6 c6 10. O-O d5 11. Bd3 Bd6 12. Re1 N8e7 13. g3 O-O 14. Bd2 Qb6 15.
Rad1 Qxd4 16. Bf4 Qb4 17. a3 Qc5 18. Na4 Qa5 19. Bxd6 Qxa4 20. b3 Qa5 21. Bxg6
Nxg6 22. Bxf8 Kxf8 23. Qh5 Kg8 24. Re2 Qxa3 25. e7 Bd7 26. Rxd5 cxd5 27. Qxd5+
Kh8 28. Qxd7 Nxe7 29. Rxe7 Rg8 30. Qxb7 Qc1+ 31. Kg2 Qxc2 32. Rc7 Qd3 33. b4 a6
{Normal} 1/2-1/2

[Event "Rated Blitz game"]
[Site "?"]
[Date "2021.03.02"]
[Round "?"]
[White "lederman"]
[Black "sixfourwise"]
[Result "1/2-1/2"]
[ECO "C46"]
[WhiteElo "2407"]
[BlackElo "2437"]
[PlyCount "97"]
[EventDate "2021.??.??"]
[EventType "blitz"]
[TimeControl "180+2"]

1. e4 e5 2. Nf3 Nc6 3. Nc3 Nf6 4. Nxe5 Nxe5 5. d4 Nc6 6. d5 Ne5 7. f4 Ng6 8. e5
Bb4 9. exf6 Qxf6 10. Qf3 O-O 11. Be2 Nh4 12. Qg3 Bxc3+ 13. bxc3 Nxg2+ 14. Kf2
Nh4 15. Be3 Nf5 16. Qg5 Qxg5 17. fxg5 Nxe3 18. Kxe3 Re8+ 19. Kd2 Re5 20. c4
Rxg5 21. d6 cxd6 22. Bf3 d5 23. Bxd5 d6 24. Rae1 Re5 25. Rxe5 dxe5 26. Re1 Be6
27. Bxe6 fxe6 28. Rxe5 Kf7 29. h4 Rc8 30. Kd3 Kf6 31. Rb5 b6 32. Kd4 h6 33. a4
g5 34. hxg5+ hxg5 35. a5 g4 36. axb6 axb6 37. Rxb6 g3 38. Rb3 Rg8 39. Rf3+ Ke7
40. Rf1 g2 41. Rg1 Rg4+ 42. Ke3 Kd6 43. Kf3 Rg6 44. Rxg2 Rxg2 45. Kxg2 Kc5 46.
Kf3 Kxc4 47. Ke4 Kc3 48. Ke5 Kxc2 49. Kxe6 {Normal} 1/2-1/2

[Event "Rated Blitz game"]
[Site "?"]
[Date "2021.03.02"]
[Round "?"]
[White "lederman"]
[Black "scrwlchss"]
[Result "0-1"]
[ECO "C46"]
[WhiteElo "2411"]
[BlackElo "2485"]
[PlyCount "108"]
[EventDate "2021.??.??"]
[EventType "blitz"]
[TimeControl "180+2"]

1. e4 e5 2. Nf3 Nc6 3. Nc3 Nf6 4. Nxe5 Nxe5 5. d4 Ng6 6. e5 Bb4 7. exf6 Qxf6 8.
Bc4 O-O 9. O-O c6 10. Ne4 Qh4 11. Bd3 d5 12. g3 Qg4 13. f3 Qh5 14. Nf2 Bd6 15.
f4 Qxd1 16. Nxd1 Re8 17. Bd2 Ne7 18. Ne3 f6 19. Kg2 Bd7 20. g4 Ng6 21. Nf5 Bxf5
22. gxf5 Nf8 23. Kf3 Nd7 24. Rg1 Kf7 25. Rg2 Bf8 26. Re2 Rxe2 27. Bxe2 Nb6 28.
b3 a5 29. a4 Nc8 30. Kf2 Nd6 31. Bh5+ g6 32. fxg6+ hxg6 33. Bf3 Bg7 34. Rh1 f5
35. h4 Bxd4+ 36. Kg3 Ne4+ 37. Bxe4 dxe4 38. h5 b6 39. h6 Rh8 40. Rh2 Rh7 41. c3
Bc5 42. Kg2 Bf8 43. Be3 c5 44. Kg3 Rxh6 45. Rd2 Ke6 46. b4 cxb4 47. cxb4 Bxb4
48. Rb2 Bc5 49. Bxc5 bxc5 50. Rb5 Kd5 51. Rxa5 Kd4 52. Ra8 Rh1 53. Rd8+ Ke3 54.
a5 Ra1 {Normal} 0-1

[Event "Rated Blitz game"]
[Site "?"]
[Date "2021.03.02"]
[Round "?"]
[White "FizmatSos"]
[Black "SrPopando"]
[Result "1/2-1/2"]
[ECO "C46"]
[WhiteElo "2477"]
[BlackElo "2490"]
[PlyCount "53"]
[EventDate "2021.??.??"]
[EventType "blitz"]
[TimeControl "180+2"]

1. e4 e5 2. Nf3 Nc6 3. Nc3 Nf6 4. Nxe5 Nxe5 5. d4 Ng6 6. e5 Ng8 7. Bc4 c6 8.
Qf3 f5 9. Bd2 d5 10. exd6 Bxd6 11. O-O-O N8e7 12. Kb1 b5 13. Bb3 a5 14. a3 b4
15. Na4 Nd5 16. c3 bxc3 17. Nxc3 Nge7 18. Bg5 Rb8 19. Bxd5 cxd5 20. Nxd5 Bb7
21. Rhe1 Bxd5 22. Qxd5 Rxb2+ 23. Kxb2 Bxa3+ 24. Kxa3 Qxd5 25. Rxe7+ Kf8 26. Rc1
Qd6+ 27. Ka2 {Normal} 1/2-1/2

[Event "Rated Blitz game"]
[Site "?"]
[Date "2021.03.02"]
[Round "?"]
[White "lederman"]
[Black "SrPopando"]
[Result "1-0"]
[ECO "C46"]
[WhiteElo "2407"]
[BlackElo "2510"]
[PlyCount "67"]
[EventDate "2021.??.??"]
[EventType "blitz"]
[TimeControl "180+2"]

1. e4 e5 2. Nf3 Nc6 3. Nc3 Nf6 4. Nxe5 Nxe5 5. d4 Ng6 6. e5 Ng8 7. Bc4 c6 8.
Qf3 f5 9. Bxg8 Rxg8 10. Qxf5 d5 11. Qd3 Be6 12. h4 Bb4 13. h5 Nf8 14. Bd2 Qd7
15. Ne2 Bf5 16. Qb3 Bxd2+ 17. Kxd2 Ne6 18. f3 h6 19. g4 Bh7 20. f4 Be4 21. f5
Ng5 22. Rhf1 Bf3 23. Rxf3 Nxf3+ 24. Qxf3 c5 25. Rd1 O-O-O 26. Kc1 c4 27. Nf4
Qa4 28. Kb1 Qa5 29. Ne6 Rd7 30. g5 hxg5 31. Qg4 Kb8 32. Qxg5 c3 33. Nc5 Qb4 34.
Nxd7+ {Normal} 1-0

[Event "Rated Blitz game"]
[Site "?"]
[Date "2021.03.02"]
[Round "?"]
[White "Ricardo_Airado"]
[Black "Ushkothebear"]
[Result "0-1"]
[ECO "C46"]
[WhiteElo "2269"]
[BlackElo "2403"]
[PlyCount "42"]
[EventDate "2021.??.??"]
[EventType "blitz"]
[TimeControl "180"]

1. e4 e5 2. Nf3 Nc6 3. Nc3 Nf6 4. Nxe5 Nxe5 5. d4 Ng6 6. e5 Ng8 7. Bc4 d5 8.
Bxd5 c6 9. Bb3 Bb4 10. O-O Bxc3 11. bxc3 Be6 12. f4 N8e7 13. Qh5 Qd7 14. Ba3
Bg4 15. e6 Bxh5 16. exd7+ Kxd7 17. f5 Nh4 18. f6 gxf6 19. Rxf6 Nd5 20. Rd6+ Kc7
21. c4 Nf5 {Normal} 0-1

[Event "Rated Rapid tournament gYFHkrXu"]
[Site "?"]
[Date "2021.03.02"]
[Round "?"]
[White "benjaminkreutzfeld"]
[Black "liucik"]
[Result "1-0"]
[ECO "C46"]
[WhiteElo "2438"]
[BlackElo "2260"]
[PlyCount "71"]
[EventDate "2021.??.??"]
[EventType "rapid"]
[TimeControl "600"]

1. e4 e5 2. Nf3 Nc6 3. Nc3 Nf6 4. Nxe5 Nxe5 5. d4 Bb4 6. dxe5 Nxe4 7. Qd4 Bxc3+
8. bxc3 d5 9. Ba3 c5 10. Bxc5 Nxc5 11. Qxc5 Qe7 12. Qxd5 O-O 13. Bd3 Bd7 14.
O-O Bc6 15. Qd6 Qh4 16. f3 Rad8 17. Qb4 Qg5 18. Rae1 Rfe8 19. Rf2 Rxe5 20. Rxe5
Qxe5 21. Bxh7+ Kh8 22. Bd3 Qe1+ 23. Rf1 Qe3+ 24. Kh1 Qh6 25. Qc5 b6 26. Qe5 Re8
27. Qg3 g6 28. Bc4 Kg7 29. Qc7 g5 30. Qxf7+ Kh8 31. Qxa7 Qf6 32. Qxb6 g4 33.
Bd5 gxf3 34. Qxc6 fxg2+ 35. Bxg2 Qxc6 36. Bxc6 {Time forfeit} 1-0

[Event "Rated Blitz game"]
[Site "?"]
[Date "2021.03.01"]
[Round "?"]
[White "JakeShneiper"]
[Black "subtleties30"]
[Result "1-0"]
[ECO "C46"]
[WhiteElo "2269"]
[BlackElo "2433"]
[PlyCount "105"]
[EventDate "2021.??.??"]
[EventType "blitz"]
[TimeControl "180"]

1. e4 e5 2. Nf3 Nc6 3. Nc3 Nf6 4. Nxe5 Nxe5 5. d4 Ng6 6. e5 Ng8 7. Bc4 d5 8.
Bxd5 Be6 9. Bxb7 Rb8 10. Bc6+ Bd7 11. Be4 Bb4 12. O-O Bxc3 13. bxc3 N8e7 14. f4
Bf5 15. Qd3 Bxe4 16. Qxe4 Qd5 17. Qd3 Nh4 18. Qh3 Nhf5 19. g4 Nxd4 20. cxd4
Qxd4+ 21. Be3 Qe4 22. Qf3 Qxc2 23. Rac1 Qxa2 24. Rxc7 Nd5 25. Bc5 Nxc7 26. Qc6+
Kd8 27. Rd1+ Kc8 28. Bd6 Qa5 29. Rc1 Rb7 30. e6 fxe6 31. Bxc7 Rxc7 32. Qa8+ Kd7
33. Rd1+ Ke7 34. Qxh8 Qb6+ 35. Kh1 Qc6+ 36. Kg1 Qf3 37. Qxg7+ Ke8 38. Qg8+ Ke7
39. Qd8+ Kf7 40. Qxc7+ Kg6 41. Qc2+ Kh6 42. Rf1 Qe3+ 43. Qf2 Qe4 44. Qf3 Qd4+
45. Kh1 Qd2 46. Qh3+ Kg7 47. Rg1 Qd5+ 48. Qg2 Qxg2+ 49. Kxg2 Kf6 50. Rf1 a5 51.
Rf2 a4 52. Re2 a3 53. Rd2 {Time forfeit} 1-0

[Event "Rated Blitz tournament CFWpG0Bx"]
[Site "?"]
[Date "2021.03.01"]
[Round "?"]
[White "Muhamet1"]
[Black "amaidel"]
[Result "0-1"]
[ECO "C46"]
[WhiteElo "2393"]
[BlackElo "2493"]
[PlyCount "84"]
[EventDate "2021.??.??"]
[EventType "blitz"]
[TimeControl "180"]

1. e4 e5 2. Nf3 Nf6 3. Nc3 Nc6 4. Nxe5 Nxe5 5. d4 Nc6 6. e5 Bb4 7. exf6 Qxf6 8.
Be3 O-O 9. Bd3 d5 10. O-O Bxc3 11. bxc3 Bf5 12. Qf3 Ne7 13. Rab1 b6 14. Rfe1
Rfe8 15. Qg3 Bxd3 16. cxd3 Qc6 17. Rbc1 Nf5 18. Qf3 Nxe3 19. fxe3 Qd6 20. e4
dxe4 21. dxe4 c5 22. e5 Qc7 23. Rcd1 cxd4 24. cxd4 Rad8 25. h4 Qc2 26. d5 Qxa2
27. d6 Qe6 28. h5 h6 29. Rd4 f6 30. Rg4 fxe5 31. Rg6 Qf7 32. Qg3 Re6 33. Rxe5
Rexd6 34. Re4 Rxg6 35. hxg6 Qf6 36. Rf4 Qd6 37. Qb3+ Kh8 38. Qg3 a5 39. Kh2 b5
40. Kh3 a4 41. Qf3 a3 42. Qb3 Qxf4 {Normal} 0-1

[Event "Rated Blitz game"]
[Site "?"]
[Date "2021.03.01"]
[Round "?"]
[White "lederman"]
[Black "MagnusPalmi"]
[Result "1-0"]
[ECO "C46"]
[WhiteElo "2389"]
[BlackElo "2402"]
[PlyCount "155"]
[EventDate "2021.??.??"]
[EventType "blitz"]
[TimeControl "180+2"]

1. e4 e5 2. Nf3 Nc6 3. Nc3 Nf6 4. Nxe5 Nxe5 5. d4 Nxe4 6. Nxe4 Ng6 7. d5 Bb4+
8. c3 Ba5 9. Bg5 f6 10. Be3 O-O 11. d6 Re8 12. Qd5+ Kh8 13. Qxa5 Rxe4 14. Bd3
Re5 15. Qxc7 Qxc7 16. dxc7 Nf4 17. Bf1 Nd5 18. Kd2 Nxc7 19. Bd3 d5 20. Bf4 Re7
21. Rhe1 Ne6 22. Bd6 Re8 23. Bb5 Rd8 24. Be7 Rg8 25. Re3 a6 26. Ba4 b5 27. Bc2
Ra7 28. Bd6 Rd8 29. Bg3 d4 30. Rd3 Rad7 31. Re1 dxc3+ 32. Kxc3 Rxd3+ 33. Bxd3
Kg8 34. Bc2 Nc5 35. b4 Na4+ 36. Bxa4 bxa4 37. Re7 Kf8 38. Ra7 Re8 39. Bd6+ Kg8
40. Bc5 h6 41. Kd4 Kh7 42. Kd5 Re2 43. a3 Ra2 44. Bf8 Kg6 45. Rxg7+ Kf5 46. Rg3
Be6+ 47. Kc6 Bb3 48. Kb6 Bc4 49. Kc5 Bb5 50. Bxh6 Rxf2 51. h4 Ke6 52. Bg7 Rc2+
53. Kb6 Rc6+ 54. Kb7 Rc2 55. h5 Rc1 56. h6 Rh1 57. Re3+ Kf7 58. Rf3 Kg6 59.
Rxf6+ Kh7 60. g4 Rh3 61. g5 Bd3 62. Kb6 Bg6 63. Kxa6 Rxa3 64. b5 Rb3 65. b6 a3
66. Rf2 Bd3+ 67. Ka7 Be4 68. Ra2 Rd3 69. Bf8 Rd7+ 70. Ka6 Bb7+ 71. Kb5 Rd5+ 72.
Kc4 Rxg5 73. Rxa3 Kg8 74. Bg7 Bd5+ 75. Kd4 Bg2 76. Ra7 Rb5 77. Be5 Rxb6 78. h7+
{Normal} 1-0

[Event "Rated Blitz game"]
[Site "?"]
[Date "2021.02.28"]
[Round "?"]
[White "lederman"]
[Black "Marazm1972"]
[Result "0-1"]
[ECO "C46"]
[WhiteElo "2417"]
[BlackElo "2433"]
[PlyCount "124"]
[EventDate "2021.??.??"]
[EventType "blitz"]
[TimeControl "180+2"]

1. e4 e5 2. Nf3 Nc6 3. Nc3 Nf6 4. Nxe5 Nxe5 5. d4 Nc6 6. d5 Ne7 7. e5 Nfg8 8.
Be3 d6 9. f4 Nf5 10. Bf2 dxe5 11. fxe5 Ngh6 12. Qf3 Bb4 13. O-O-O Bxc3 14. Qxc3
O-O 15. h3 Re8 16. g4 Nh4 17. Qg3 Ng6 18. e6 fxe6 19. dxe6 Qe7 20. Bc4 Bxe6 21.
Rhe1 Nf8 22. Rd4 Nf7 23. Rde4 Ng5 24. Re5 Qb4 25. Bb3 Bxb3 26. Rxe8 Rxe8 27.
Rxe8 Bxa2 28. Qe5 Nge6 29. b3 Qa3+ 30. Qb2 Qa6 31. c4 Kf7 32. Rc8 Nd7 33. Bg3
Ndc5 34. Qf2+ Ke7 35. Bh4+ Kd7 36. Qf7+ Kc6 37. Qe8+ Kb6 38. Bf2 Qa3+ 39. Kd1
Qxb3+ 40. Ke1 Qb1+ 41. Ke2 Bxc4+ 42. Kf3 Qd3+ 43. Kg2 Qe4+ 44. Kh2 Qe5+ 45. Bg3
Qe2+ 46. Kg1 Qe3+ 47. Kh2 Qe2+ 48. Kg1 Qe3+ 49. Bf2 Qc1+ 50. Kh2 Qf4+ 51. Kg1
Qe4 52. Bxc5+ Kxc5 53. Rxc7+ Kb4 54. Qe7+ Kc3 55. Qa3+ Kd4 56. Rd7+ Ke5 57.
Qd6+ Kf6 58. Qe7+ Ke5 59. Qd6+ Kf6 60. Qe7+ Kg6 61. Qf7+ Kg5 62. Qh5+ Kf4 {
Time forfeit} 0-1

[Event "Rated Blitz game"]
[Site "?"]
[Date "2021.02.28"]
[Round "?"]
[White "Penicillus"]
[Black "sierra92"]
[Result "0-1"]
[ECO "C46"]
[WhiteElo "2306"]
[BlackElo "2402"]
[PlyCount "84"]
[EventDate "2021.??.??"]
[EventType "blitz"]
[TimeControl "180"]

1. e4 e5 2. Nf3 Nc6 3. Nc3 Nf6 4. Nxe5 Nxe5 5. d4 d6 6. dxe5 dxe5 7. Qxd8+ Kxd8
8. Bg5 Be7 9. O-O-O+ Ke8 10. f3 c6 11. a4 Be6 12. a5 a6 13. Be3 Bb4 14. Bb6
Bxc3 15. bxc3 Nd7 16. Be3 Rd8 17. Be2 f6 18. Kb2 Nb8 19. Bb6 Rxd1 20. Rxd1 Nd7
21. Be3 Kd8 22. g4 Kc7 23. h4 c5 24. c4 Kc6 25. Kc3 Rf8 26. g5 f5 27. Bd3 f4
28. Bf2 g6 29. Rh1 Bf7 30. Bf1 Rd8 31. Bh3 Nf8 32. Bg4 Be6 33. h5 Bxg4 34. fxg4
Ne6 35. hxg6 hxg6 36. Rh6 Rg8 37. Bh4 Nd4 38. Bf2 Nf3 39. Rh7 Nxg5 40. Re7
Nxe4+ 41. Kb2 Nxf2 42. Rxe5 Nxg4 {Normal} 0-1

[Event "Rated Blitz game"]
[Site "?"]
[Date "2021.02.28"]
[Round "?"]
[White "JakeShneiper"]
[Black "neurobyte"]
[Result "1-0"]
[ECO "C46"]
[WhiteElo "2295"]
[BlackElo "2418"]
[PlyCount "45"]
[EventDate "2021.??.??"]
[EventType "blitz"]
[TimeControl "180"]

1. e4 e5 2. Nf3 Nc6 3. Nc3 Nf6 4. Nxe5 Nxe5 5. d4 Bb4 6. dxe5 Nxe4 7. Qd4 Nxc3
8. Qxb4 Nd5 9. Qg4 Kf8 10. Bg5 Qe8 11. O-O-O Qxe5 12. Bc4 d6 13. Qh4 Be6 14.
Rhe1 Qf5 15. g4 Qf3 16. Rd3 Qg2 17. f3 Nb4 18. Rc3 Bxc4 19. Rxc4 Nd5 20. Rce4
f6 21. Qh5 g6 22. Bh6+ Kf7 23. Qxd5# {Normal} 1-0

[Event "Rated Blitz game"]
[Site "?"]
[Date "2021.02.28"]
[Round "?"]
[White "lederman"]
[Black "AMC2"]
[Result "1-0"]
[ECO "C46"]
[WhiteElo "2405"]
[BlackElo "2646"]
[PlyCount "45"]
[EventDate "2021.??.??"]
[EventType "blitz"]
[TimeControl "180+2"]

1. e4 e5 2. Nf3 Nc6 3. Nc3 Nf6 4. Nxe5 Nxe5 5. d4 Ng6 6. e5 Ng8 7. Bc4 c6 8.
Qf3 d5 9. exd6 Be6 10. d5 Ne5 11. Qe2 Nxc4 12. dxe6 Nxd6 13. exf7+ Kxf7 14. Be3
Qa5 15. O-O-O Nf6 16. g4 Re8 17. g5 Nfe4 18. Nxe4 Nxe4 19. Rd7+ Ke6 20. Rhd1
Bd6 21. Qg4+ Qf5 22. R1xd6+ Nxd6 23. Rxd6+ {Normal} 1-0

[Event "Rated Rapid tournament ttlUuh4D"]
[Site "?"]
[Date "2021.02.27"]
[Round "?"]
[White "benjaminkreutzfeld"]
[Black "Brind582"]
[Result "0-1"]
[ECO "C46"]
[WhiteElo "2430"]
[BlackElo "2308"]
[PlyCount "28"]
[EventDate "2021.??.??"]
[EventType "rapid"]
[TimeControl "600"]

1. e4 e5 2. Nf3 Nc6 3. Nc3 Nf6 4. Nxe5 Nxe5 5. d4 Ng6 6. e5 Bb4 7. exf6 Qxf6 8.
Be3 O-O 9. Bd3 d5 10. O-O c6 11. Re1 Bf5 12. g3 Rfe8 13. Qf3 Bxd3 14. cxd3 Qxf3
{Normal} 0-1

[Event "Rated Blitz game"]
[Site "?"]
[Date "2021.02.27"]
[Round "?"]
[White "lederman"]
[Black "Papa_1960"]
[Result "0-1"]
[ECO "C46"]
[WhiteElo "2406"]
[BlackElo "2540"]
[PlyCount "92"]
[EventDate "2021.??.??"]
[EventType "blitz"]
[TimeControl "180+2"]

1. e4 e5 2. Nf3 Nc6 3. Nc3 Nf6 4. Nxe5 Nxe5 5. d4 Ng6 6. e5 Bb4 7. exf6 Qxf6 8.
Be3 O-O 9. a3 Bxc3+ 10. bxc3 d5 11. g3 Bf5 12. h4 Be4 13. Rg1 h6 14. Qd2 Rfe8
15. Bb5 Re6 16. h5 Ne7 17. g4 Bf3 18. Kf1 Qh4 19. Be2 Qh3+ 20. Ke1 Re8 21. Bxf3
Qxf3 22. Qe2 Qe4 23. Kd2 Nc8 24. Qd3 Nd6 25. Qxe4 Rxe4 26. Rae1 Nc4+ 27. Kd3
Nxa3 28. g5 hxg5 29. Rxg5 c6 30. Reg1 g6 31. hxg6 f6 32. Rh5 R8e7 33. Rgh1 Kg7
34. Rh6 Nc4 35. Bc1 Re1 36. Rh7+ Kxg6 37. R1h6+ Kf5 38. Rh5+ Ke6 39. Rxe7+ Kxe7
40. Rh7+ Ke6 41. Bf4 Rd1+ 42. Ke2 Rb1 43. Kf3 a5 44. Rh8 a4 45. Ra8 a3 46. Kg4
Rb2 {Normal} 0-1

[Event "Rated Blitz game"]
[Site "?"]
[Date "2021.02.27"]
[Round "?"]
[White "SureDo"]
[Black "MWeedkiller"]
[Result "0-1"]
[ECO "C46"]
[WhiteElo "2319"]
[BlackElo "2490"]
[PlyCount "98"]
[EventDate "2021.??.??"]
[EventType "blitz"]
[TimeControl "180+2"]

1. e4 e5 2. Nf3 Nc6 3. Nc3 Nf6 4. Nxe5 Nxe5 5. d4 Nc6 6. d5 Bb4 7. dxc6 bxc6 8.
Qd4 c5 9. Qd3 O-O 10. Bg5 h6 11. Bh4 Re8 12. f3 d5 13. O-O-O g5 14. Bf2 d4 15.
Ne2 Be6 16. c3 dxc3 17. Nxc3 Qxd3 18. Bxd3 c4 19. Bc2 Bd6 20. g3 Nd7 21. Ba4
Red8 22. Bc6 Rab8 23. Bxa7 Rb4 24. Nd5 Bxd5 25. Rxd5 Ne5 26. Rxe5 Bxe5 27. a4
Bxb2+ 28. Kc2 Bg7 29. Rb1 Rxb1 30. Kxb1 Bd4 31. Bxd4 Rxd4 32. a5 Rd3 33. a6 Ra3
34. Bb7 c3 35. Kc2 c5 36. f4 gxf4 37. gxf4 Kf8 38. e5 f6 39. e6 f5 40. h4 Ke7
41. Bc8 c4 42. h5 Kd6 43. e7 Kxe7 44. Bxf5 Rxa6 45. Kxc3 Rf6 46. Bg6 Rxf4 47.
Kb4 Kd6 48. Kb5 Kd5 49. Bf7+ Rxf7 {Normal} 0-1

[Event "Rated Blitz game"]
[Site "?"]
[Date "2021.02.26"]
[Round "?"]
[White "shuriks91"]
[Black "Vladfx3"]
[Result "1-0"]
[ECO "C46"]
[WhiteElo "2564"]
[BlackElo "2411"]
[PlyCount "75"]
[EventDate "2021.??.??"]
[EventType "blitz"]
[TimeControl "180"]

1. e4 e5 2. Nf3 Nc6 3. Nc3 Nf6 4. Nxe5 Nxe5 5. d4 Ng6 6. e5 Ng8 7. Bc4 Bb4 8.
Qf3 Qe7 9. O-O Bxc3 10. bxc3 Nh6 11. a4 O-O 12. Ba3 d6 13. Rfe1 Qd8 14. Rad1
Be6 15. Bxe6 fxe6 16. Qxb7 Qd7 17. exd6 Qxa4 18. Qb3 Qxb3 19. cxb3 cxd6 20.
Rxe6 Rfc8 21. c4 Rab8 22. Bxd6 Rxb3 23. c5 Nf5 24. g3 a5 25. Be5 a4 26. Ra6 a3
27. c6 Nxe5 28. dxe5 Rc3 29. Rd7 R8xc6 30. Raa7 h5 31. h3 R3c4 32. Rxa3 Re4 33.
Ra5 Re6 34. Rdd5 Ne7 35. Rdc5 Ng6 36. Kg2 R4xe5 37. Rc8+ Kh7 38. Raa8 {Time
forfeit} 1-0

[Event "Rated Blitz game"]
[Site "?"]
[Date "2021.02.26"]
[Round "?"]
[White "NigerianMachine"]
[Black "giftedhandz"]
[Result "1-0"]
[ECO "C46"]
[WhiteElo "2404"]
[BlackElo "2309"]
[PlyCount "113"]
[EventDate "2021.??.??"]
[EventType "blitz"]
[TimeControl "180"]

1. e4 e5 2. Nf3 Nc6 3. Nc3 Nf6 4. Nxe5 Nxe5 5. d4 Nc6 6. d5 Bc5 7. dxc6 bxc6 8.
e5 Qe7 9. Qe2 Nd5 10. Nxd5 cxd5 11. h4 h6 12. Bf4 a5 13. O-O-O O-O 14. Rxd5 Rb8
15. Qc4 Bb6 16. Bg3 Bb7 17. Rd3 Bc6 18. Kb1 a4 19. f4 Ba7 20. Qc3 a3 21. Qxa3
Bc5 22. Qc3 Bb4 23. Qd4 Bc5 24. Qc4 Rb4 25. Qc3 Rfb8 26. b3 R4b7 27. f5 Be4 28.
f6 Qe6 29. Qxc5 Bxd3 30. Bxd3 d6 31. exd6 cxd6 32. Qxd6 Re8 33. Qxe6 Rxe6 34.
fxg7 Kxg7 35. Re1 Rbe7 36. Rxe6 Rxe6 37. a4 h5 38. a5 Re7 39. a6 Ra7 40. Bb8
Ra8 41. a7 Kf6 42. Be4 Rxa7 43. Bxa7 Ke5 44. Bh7 f5 45. Bf2 f4 46. Bd3 Kf6 47.
b4 Ke5 48. b5 Kd6 49. c4 Kc7 50. c5 Kb7 51. Be4+ Kb8 52. Bd4 Kc8 53. b6 Kb8 54.
Be5+ Kc8 55. c6 f3 56. b7+ Kd8 57. Bd6 {Normal} 1-0

[Event "Rated Blitz game"]
[Site "?"]
[Date "2021.02.26"]
[Round "?"]
[White "Magister_Yoda"]
[Black "shiai"]
[Result "1-0"]
[ECO "C46"]
[WhiteElo "2459"]
[BlackElo "2299"]
[PlyCount "33"]
[EventDate "2021.??.??"]
[EventType "blitz"]
[TimeControl "180"]

1. e4 e5 2. Nf3 Nc6 3. Nc3 Nf6 4. Nxe5 Nxe5 5. d4 Ng6 6. e5 Bb4 7. exf6 Qxf6 8.
Be2 d5 9. O-O Bxc3 10. bxc3 O-O 11. c4 dxc4 12. Bxc4 Be6 13. Bb3 Rfd8 14. Be3
Nf4 15. c4 Qg5 16. Qf3 Nh3+ 17. Qxh3 {Normal} 1-0